 Dungeon Crawl Stone Soup version 0.16.2-14-g7133f4a77c (webtiles) character file.

13982 faibistes the Thaumaturge (level 11, -2/54 HPs)
             Began as a Deep Elf Wizard on Aug 19, 2022.
             Was a High Priest of Sif Muna.
             Slain by an eight-headed hydra (16 damage)
             ... on level 1 of the Lair of Beasts.
             The game lasted 01:03:36 (20288 turns).

faibistes the Thaumaturge (Deep Elf Wizard)        Turns: 20288, Time: 01:03:37

Health: -2/54      AC:  4    Str:  4    XL:     11   Next: 82%
Magic:  18/35      EV: 17    Int: 27    God:    Sif Muna [*****.]
Gold:   627        SH:  0    Dex: 13    Spells: 9 memorised, 12 levels left

rFire  + . .     SeeInvis .     A - +1 dagger (venom)
rCold  . . .     Clarity  .     a - +0 robe
rNeg   + . .     SustAb   .     (no shield)
rPois  .         Gourm    .     b - +0 hat
rElec  .         Spirit   .     J - +1 cloak
rCorr  .         Warding  +     (no gloves)
rMut   .         Stasis   .     (no boots)
MR     +....                    j - amulet of warding
Stlth  ++........               q - ring of fire
                                m - ring of protection from cold

@: repel missiles, somewhat resistant to hostile enchantments, unstealthy
A: no striking features
a: Channel Energy, Forget Spell, Renounce Religion


You were on level 1 of the Lair of Beasts.
You worshipped Sif Muna.
Sif Muna was extremely pleased with you.
You were not hungry.

You visited 3 branches of the dungeon, and saw 15 of its levels.
You also visited: Sewer.

You collected 627 gold pieces.

Inventory:

Hand weapons
 r - a +2 short sword of draining
 A - a +1 dagger of venom (weapon)
Armour
 a - a +0 robe (worn)
 b - a +0 hat (worn)
 J - a +1 cloak (worn)
Magical staves
 P - an uncursed staff of energy
Jewellery
 j - an amulet of warding (around neck)
 m - a ring of protection from cold (left hand)
 n - an uncursed ring of protection from cold
 q - a ring of fire (right hand)
 w - an uncursed ring of protection from magic
 L - an uncursed ring of protection from fire
 U - an uncursed ring of see invisible
Magical devices
 y - a wand of fireball (0)
 H - a wand of frost (33)
 M - a wand of digging (9)
 Q - a wand of magic darts (18)
 R - a wand of magic darts (33)
Scrolls
 h - 2 scrolls of enchant armour
 s - 2 scrolls of recharging
 t - a scroll of blinking
 x - 9 scrolls of remove curse
 z - a scroll of fog
 C - a scroll of magic mapping
 G - 3 scrolls of immolation
 K - 4 scrolls of identify
Potions
 e - 4 potions of heal wounds
 f - a potion of lignification
 g - 2 potions of ambrosia
 o - 4 potions of brilliance
 p - 2 potions of agility
 u - 8 potions of curing
 v - 5 potions of haste
 B - 4 potions of flight
 D - 2 potions of might
 E - 4 potions of restore abilities
 F - a potion of resistance
 O - a potion of berserk rage
 V - a potion of cancellation
Books
 c - a book of Minor Magic

   Spells                             Type                      Level
   a - Magic Dart                     Conjuration                  1
   b - Blink                          Translocation                2
   c - Call Imp                       Summoning                    2
   d - Repel Missiles                 Charms/Air                   2
   e - Slow                           Hexes                        2
   f - Conjure Flame                  Conjuration/Fire             3
   g - Mephitic Cloud                 Conjuration/Poison/Air       3
 N - a book of Geomancy

   Spells                             Type                      Level
   a - Sandblast                      Earth                        1
   b - Stoneskin                      Transmutation/Earth          2
   c - Passwall                       Transmutation/Earth          3
   d - Stone Arrow                    Conjuration/Earth            3
   e - Petrify                        Transmutation/Earth          4
   f - Lee's Rapid Deconstruction     Earth                        5
Miscellaneous
 l - a disc of storms
Comestibles
 d - 11 bread rations
 i - 8 fruits
 k - 6 meat rations
 I - 6 beef jerkies


   Skills:
 + Level 9.1 Dodging
 - Level 2.4 Stealth
 * Level 13.9 Spellcasting
 + Level 7.2 Conjurations
 - Level 1.1 Summonings
 - Level 2.9 Translocations
 * Level 3.5 Transmutations
 + Level 6.5 Fire Magic
 - Level 3.5 Air Magic
 * Level 4.4 Earth Magic
 - Level 2.5 Poison Magic
 * Level 7.1 Invocations
 - Level 5.8 Evocations


You had 12 spell levels left.
You knew the following spells:

 Your Spells              Type           Power        Failure   Level  Hunger
a - Magic Dart            Conj           ####         1%          1    None
b - Conjure Flame         Conj/Fire      ######..     1%          3    None
c - Call Imp              Summ           ###.....     2%          2    None
d - Blink                 Tloc           N/A          1%          2    None
e - Mephitic Cloud        Conj/Pois/Air  #####...     1%          3    None
f - Repel Missiles        Chrm/Air       ####..       1%          2    None
h - Petrify               Trmt/Erth      #####...     8%          4    None
l - Lee's Rapid Deconstr  Erth           #####.....   17%         5    ##.....
x - Stone Arrow           Conj/Erth      ######       1%          3    None


Dungeon Overview and Level Annotations

Branches:
Dungeon (10/15)            Temple (1/1) D:7            Lair (4/8) D:9
  Swamp: Lair:3-6    Shoals: Lair:3-6     Snake: Lair:3-6    Spider: Lair:3-6
    Orc: D:9-12

Altars:
Ashenzari
Cheibriados
Dithmenos
Elyvilon
Fedhas
Gozag
Kikubaaqudgha
Makhleb
Nemelex Xobeh
Okawaru
Qazlal
Ru
Sif Muna
Trog
Vehumet
Xom
Yredelemnul
Zin
The Shining One

Shops:
D:9 %


Message History

Aiming: Conjure Flame
Press: ? - help, Dir - move target cursor You feel a surge of power!
The fire roars!
The eight-headed hydra is engulfed in roaring flames.
Casting: Conjure Flame
Confirm with . or Enter, or press ? or * to list all spells.
Aiming: Stone Arrow
Press: ? - help, Shift-Dir - straight line, f - eight-headed hydra
Aim: an eight-headed hydra (flame, severely wounded)
The stone arrow hits the eight-headed hydra.
The eight-headed hydra is severely wounded.
The eight-headed hydra is engulfed in roaring flames.
The eight-headed hydra bites you. The eight-headed hydra bites you!
The eight-headed hydra bites you but does no damage.
The eight-headed hydra bites you!
The eight-headed hydra barely misses you.
The eight-headed hydra bites you!
* * * LOW HITPOINT WARNING * * *
The eight-headed hydra misses you. The eight-headed hydra bites you!
You die...

............# ....$........#
.............##
..........#§..#
.....[..#.§..#
.......##.§..## #.....#
#.§...######### ###.#
#.D..##P#.....# ##
#.@...#.......# ########
#####.............#
##.##.#.###.#P...[..........#
............................#
............................#
####.......####.............#
##.......# #.............# ##
##........# #.#...........#
#. #P........#
####.........## #.


You could see an eight-headed hydra.

Vanquished Creatures
  Gastronok (Lair:2)
  A hydra (D:9)
  A centaur warrior (D:9)
  A hill giant (D:9)
  A cyclops (D:9)
  4 spiny frogs
  A black mamba (Lair:1)
  A komodo dragon (Lair:1)
  A troll (D:9)
  Prince Ribbit (D:7)
  A two-headed ogre (D:7)
  A wyvern (D:8)
  3 vampire mosquitoes (D:8)
  The ghost of Randomanon8888 the Cudgeler, an average HuBe of Trog (D:6)
  The ghost of Randomanon8888 the Cudgeler, an average HuBe of Trog (D:4)
  A hungry ghost (D:8)
  8 wolves
  2 hippogriffs (Lair:2)
  Edmund (D:6)
  2 porcupines
  6 sky beasts
  6 orc warriors
  A black bear (D:9)
  6 boring beetles
  2 ice beasts
  A water moccasin (Lair:2)
  5 centaurs
  8 ogres
  4 phantoms
  Duvessa (D:4)
  4 big kobolds
  6 giant frogs
  Blork the orc (D:7)
  A wyvern zombie (D:9)
  3 scorpions
  2 jellies (D:8)
  4 crimson imps
  Dowan (D:4)
  2 goliath beetles
  3 gnoll shamans (D:8)
  9 orc priests
  3 hounds
  A quasit (D:9)
  A giant frog skeleton (D:4)
  6 orc wizards
  2 iguanas
  11 worker ants
  Ijyb (D:3)
  A hound skeleton (D:8)
  A hound zombie (D:7)
  17 gnolls
  6 river rats (Sewer)
  7 adders
  A shadow imp (D:5)
  3 giant mites
  3 worms
  2 adder zombies (D:8)
  13 giant geckos
  2 oozes
  27 orcs
  8 giant cockroaches
  14 hobgoblins
  5 jackals
  6 quokkas
  3 ball pythons
  18 bats
  8 giant newts
  7 goblins
  53 kobolds
  36 rats
  4 plants
380 creatures vanquished.

Vanquished Creatures (collateral kills)
  A giant newt (Sewer)
1 creature vanquished.

Vanquished Creatures (others)
  2 fungi
  A plant (D:8)
3 creatures vanquished.

Grand Total: 384 creatures vanquished

Notes
Turn   | Place    | Note
--------------------------------------------------------------
     0 | D:1      | faibistes, the Deep Elf Wizard, began the quest for the Orb.
     0 | D:1      | Reached XP level 1. HP: 10/10 MP: 6/6
   549 | D:1      | Reached XP level 2. HP: 15/15 MP: 4/9
   553 | D:1      | Learned a level 2 spell: Blink
   556 | D:1      | Learned a level 2 spell: Call Imp
  1538 | D:2      | Reached XP level 3. HP: 19/19 MP: 9/13
  1579 | D:1      | Learned a level 3 spell: Mephitic Cloud
  1583 | D:1      | Learned a level 3 spell: Conjure Flame
  1590 | D:2      | Reached skill level 5 in Spellcasting
  2131 | D:4      | Noticed Randomanon8888's ghost (average HuBe)
  2179 | D:2      | Reached XP level 4. HP: 24/24 MP: 12/17
  2651 | D:4      | Noticed a phantom
  3077 | D:3      | Learned a level 2 spell: Repel Missiles
  3127 | D:3      | Noticed Ijyb
  3159 | D:3      | Killed Ijyb
  3159 | D:3      | Reached skill level 6 in Spellcasting
  3159 | D:3      | Reached XP level 5. HP: 28/28 MP: 3/20
  3950 | D:3      | Killed a phantom
  4135 | D:4      | Noticed an ogre
  4144 | D:4      | Killed an ogre
  4144 | D:4      | Reached XP level 6. HP: 32/32 MP: 14/22
  4222 | D:4      | Noticed an ogre
  4225 | D:4      | Noticed a phantom
  4234 | D:4      | Killed a phantom
  4234 | D:4      | Reached skill level 7 in Spellcasting
  4239 | D:4      | Killed an ogre
  4338 | D:4      | Reached XP level 7. HP: 36/36 MP: 15/25
  4357 | D:4      | Reached skill level 1 in Evocations
  4430 | D:5      | Entered Level 5 of the Dungeon
  4586 | D:5      | Found a glowing drain.
  4644 | Sewer    | Entered a sewer
  5022 | Sewer    | Reached skill level 5 in Dodging
  5022 | Sewer    | Reached skill level 8 in Spellcasting
  5950 | D:4      | Noticed Dowan
  5970 | D:4      | Killed Dowan
  6025 | D:4      | Noticed Duvessa
  6028 | D:4      | Killed Randomanon8888's ghost
  6028 | D:4      | Reached XP level 8. HP: 29/41 MP: 19/28
  6036 | D:4      | Killed Duvessa
  6351 | D:4      | Reached skill level 9 in Spellcasting
  7003 | D:5      | Found a stormy altar of Qazlal.
  7004 | D:5      | Found a shattered altar of Ashenzari.
  7265 | D:5      | Found a deep blue altar of Sif Muna.
  7266 | D:5      | Found a sacrificial altar of Ru.
  7367 | D:6      | Reached skill level 5 in Evocations
  7847 | D:6      | Noticed Randomanon8888's ghost (average HuBe)
  7856 | D:6      | Killed Randomanon8888's ghost
  7856 | D:6      | Reached skill level 10 in Spellcasting
  8217 | D:6      | Noticed Edmund
  8227 | D:6      | Killed Edmund
  8396 | D:5      | Became a worshipper of Sif Muna the Loreminder
  9051 | D:6      | Reached skill level 1 in Air Magic
  9051 | D:6      | Reached skill level 1 in Poison Magic
  9051 | D:6      | Reached XP level 9. HP: 37/45 MP: 19/30
  9502 | D:7      | Found a staircase to the Ecumenical Temple.
  9512 | Temple   | Entered the Ecumenical Temple
  9759 | D:7      | Noticed a two-headed ogre
  9807 | D:7      | Killed a two-headed ogre
 10553 | D:7      | Noticed Prince Ribbit
 10663 | D:7      | Reached skill level 11 in Spellcasting
 10725 | D:7      | Acquired Sif Muna's first power
 10772 | D:7      | Found a shattered altar of Ashenzari.
 10774 | D:7      | Noticed Blork the orc
 10783 | D:7      | Killed Blork the orc
 11195 | D:7      | Killed Prince Ribbit
 11195 | D:7      | Reached skill level 5 in Conjurations
 11690 | D:8      | Reached skill level 1 in Fire Magic
 11690 | D:8      | Reached skill level 1 in Invocations
 11862 | D:8      | Found a burning altar of Makhleb.
 11864 | D:8      | Found a shimmering altar of Xom.
 12092 | D:8      | Acquired Sif Muna's second power
 12650 | D:8      | Reached XP level 10. HP: 50/50 MP: 18/32
 13078 | D:8      | Reached skill level 12 in Spellcasting
 13898 | D:10     | Entered Level 10 of the Dungeon
 14031 | D:9      | Found Ciadutta's Food Shop.
 14234 | D:9      | Noticed a hill giant
 14249 | D:9      | Killed a hill giant
 14255 | D:9      | Noticed a centaur warrior
 14261 | D:9      | Noticed an eight-headed hydra
 15669 | D:10     | Noticed a cyclops
 15689 | D:9      | Killed a cyclops
 15689 | D:9      | Reached skill level 5 in Fire Magic
 15689 | D:9      | Reached skill level 5 in Invocations
 15930 | D:9      | Killed an eight-headed hydra
 15930 | D:9      | Reached skill level 13 in Spellcasting
 16186 | D:9      | Found a white marble altar of Elyvilon.
 16215 | D:9      | Noticed a centaur skeleton
 16453 | D:8      | Reached XP level 11. HP: 54/54 MP: 20/34
 16631 | D:9      | Found a staircase to the Lair.
 16951 | D:9      | Identified a scroll of acquirement
 16957 | D:9      | Learned a level 3 spell: Stone Arrow
 16962 | D:9      | Learned a level 4 spell: Petrify
 16968 | D:9      | Learned a level 5 spell: Lee's Rapid Deconstruction
 17229 | D:9      | Reached skill level 1 in Earth Magic
 17638 | D:9      | Killed a centaur warrior
 18026 | D:8      | Acquired Sif Muna's third power
 18260 | Lair:1   | Entered Level 1 of the Lair of Beasts
 18692 | Lair:1   | Reached skill level 1 in Transmutations
 19140 | Lair:2   | Noticed Gastronok
 19220 | Lair:2   | Killed Gastronok
 20070 | Lair:1   | Noticed an eight-headed hydra
 20288 | Lair:1   | Slain by an eight-headed hydra

Action                   |  1- 3 |  4- 6 |  7- 9 | 10-12 || total
-------------------------+-------+-------+-------+-------++-------
Melee: Unarmed           |     9 |       |       |       ||     9
       Short sword       |       |    15 |    68 |       ||    83
       Dagger            |       |       |   158 |   198 ||   356
 Cast: Magic Dart        |    99 |   106 |   492 |   274 ||   971
       Mephitic Cloud    |     3 |     4 |    47 |    47 ||   101
       Conjure Flame     |       |     6 |    47 |    85 ||   138
       Repel Missiles    |       |     1 |     2 |     2 ||     5
       Blink             |       |     2 |    17 |    27 ||    46
       Call Imp          |       |       |     3 |       ||     3
       Stone Arrow       |       |       |       |    70 ||    70
       Petrify           |       |       |       |    10 ||    10
Invok: Channel Energy    |       |       |       |    11 ||    11
Evoke: Wand              |       |       |     1 |     7 ||     8
  Use: Scroll            |     3 |     7 |    16 |     8 ||    34
       Potion            |       |       |       |     5 ||     5
 Stab: Confused          |       |     5 |     2 |     5 ||    12
       Sleeping          |       |       |       |     1 ||     1
  Eat: Chunk             |     4 |     5 |    22 |    20 ||    51
       Beef jerky        |       |     1 |       |     2 ||     3
       Pizza             |       |       |     2 |     1 ||     3
       Fruit             |       |       |     1 |     1 ||     2
